 Dungeon Crawl Stone Soup version 0.29-a0-676-ga64570c9d2 (webtiles) character file.

Game seed: 14523438888610392777

135136 porpoise the Warrior (level 17, 0/142 HPs)
             Began as a Merfolk Fighter on June 19, 2022.
             Was an Initiate of Yredelemnul.
             Slain by an apocalypse crab (1 damage)
             ... while petrified by an apocalypse crab
             ... on level 3 of the Abyss on June 25, 2022.
             The game lasted 03:36:57 (33036 turns).

porpoise the Warrior (Merfolk Fighter)             Turns: 33036, Time: 03:36:58

Health: 0/142      AC: 21    Str: 30    XL:     17   Next: 18%
Magic:  23/26      EV:  2    Int:  5    God:    Yredelemnul [......]
Gold:   2074       SH:  0    Dex: 12    Spells: 17/26 levels left

rFire   + + +      SeeInvis +   b - +9 war axe of Guile {protect, rPois Str+6 Int-5}
rCold   . . .      Faith    +   c - +1 buckler
rNeg    + + +      Spirit   .   p - +1 scale mail of Insatiable Hunger {+Blink rF+++ Regen+ SInv}
rPois   ∞          Reflect  .   u - +0 helmet
rElec   .          Harm     .   v - scarf {repulsion}
rCorr   .          Rampage  .   h - +0 pair of gloves {Str+3}
Will    +....                   x - +1 pair of boots {Fly}
Stlth   ..........              L - amulet of faith
HPRegen 1.13/turn               q - ring of positive energy
MPRegen 0.20/turn               d - ring "Naucicei" {rPois Str+3 Dex-5 Slay+4}

@: agile, about to teleport, petrified, under a protective aura, flying, hasted,
invisible, repel missiles
A: (nimble swimmer 2), mertail
a: Renounce Religion, Evoke Blink, Recall Undead Harvest


You were on level 3 of the Abyss.
You worshipped Yredelemnul.
Yredelemnul was pleased with you.
You visited 5 branches of the dungeon, and saw 25 of its levels.
You visited the Abyss 1 time.
You also visited: Ice Cave.

You collected 3384 gold pieces.
You spent 1310 gold pieces at shops.

Inventory:

Hand Weapons
 a - a +4 demon trident of venom
 b - the +9 war axe of Guile (weapon) {protect, rPois Str+6 Int-5}
   (You found it on level 4 of the Dungeon)

   It grants its wielder temporary protection when it strikes (+7 to AC).
   Str:       It affects your strength (+6).
   Int:       It affects your intelligence (-5).
   rPois:     It protects you from poison.
Missiles
 w - 3 javelins
 Q - 11 curare-tipped darts
Armour
 c - a +1 buckler (worn)
 h - a +0 pair of gloves of strength (worn)
 p - the +1 scale mail of Insatiable Hunger (worn) {+Blink rF+++ Regen+ SInv}
   (You found it on level 1 of the Lair of Beasts)

   rF:        It renders you almost immune to fire.
   SInv:      It lets you see invisible.
   +Blink:    It lets you blink.
   Regen:     It increases your rate of health regeneration.
 u - a +0 helmet (worn)
 v - a scarf of repulsion (worn)
 x - a +1 pair of boots of flying (worn)
Jewellery
 d - the ring "Naucicei" (right hand) {rPois Str+3 Dex-5 Slay+4}
   (You acquired it on level 11 of the Dungeon)

   [ring of slaying]

   Str:       It affects your strength (+3).
   Dex:       It affects your dexterity (-5).
   Slay:      It affects your accuracy & damage with ranged weapons and melee
   (+4).
   rPois:     It protects you from poison.
 q - a ring of positive energy (left hand)
 F - a ring of ice
 L - an amulet of faith (around neck)
Wands
 i - a wand of quicksilver (19)
 m - a wand of mindburst (14)
 r - a wand of flame (66)
 t - a wand of digging (1)
 y - a wand of polymorph (22)
 J - a wand of paralysis (16)
 P - a wand of iceblast (12)
Scrolls
 e - 2 scrolls of fear
 f - 3 scrolls of poison
 j - a scroll of silence
 k - 3 scrolls of fog
 n - 3 scrolls of blinking
 s - 6 scrolls of teleportation
 z - 5 scrolls of vulnerability
 A - a scroll of immolation
 G - a scroll of summoning
Potions
 g - a potion of cancellation
 l - 4 potions of lignification
 o - a potion of might
 B - 4 potions of haste
 C - 2 potions of resistance
 K - 3 potions of attraction
 R - 7 potions of curing
 V - 2 potions of ambrosia
Miscellaneous
 M - a phial of floods
 S - a tin of tremorstones (2/2)
 T - a lightning rod (4/4)


   Skills:
 + Level 15.0 Fighting
 - Level 8.0(10.0) Axes
 - Level 14.1(16.0) Polearms
 - Level 9.0 Armour
 + Level 12.6 Dodging
 - Level 9.0 Shields
 - Level 5.0 Spellcasting
 + Level 2.2 Necromancy
 - Level 9.0 Poison Magic
 - Level 12.0 Invocations
 - Level 9.0 Evocations


You had 17 spell levels left.
You knew the following spells:

 Your Spells              Type           Power      Damage    Failure   Level
o - Olgreb's Toxic Radia  Pois           10%        N/A       19%         4
v - Vampiric Draining     Necr           3%         2d6       65%         3
w - Wereblood             Tmut           1%         N/A       73%         2

Your spell library contained the following spells:

 Spells                   Type           Power      Damage    Failure   Level
 Sting                    Tmut/Pois      20%        1d4       12%         1
 Poisonous Vapours        Pois/Air       10%        N/A       17%         2
 Sublimation of Blood     Necr           3%         N/A       41%         2
 Freeze                   Ice            4%         1d3       58%         1
 Slow                     Hex            4%         N/A       58%         1
 Ensorcelled Hibernation  Hex/Ice        2%         N/A       73%         2
 Passwall                 Tmut/Erth      0%         N/A       73%         2
 Call Canine Familiar     Summ           1%         N/A       91%         3
 Confusing Touch          Hex            1%         N/A       91%         3
 Frozen Ramparts          Ice            2%         1d2       91%         3
 Inner Flame              Hex/Fire       1%         N/A       91%         3
 Portal Projectile        Hex/Tloc       2%         N/A       91%         3
 Stone Arrow              Conj/Erth      2%         3d7       91%         3
 Swiftness                Air            1%         N/A       91%         3
 Animate Armour           Summ/Erth      2%         N/A       100%        4
 Cause Fear               Hex            0%         N/A       100%        4
 Hailstorm                Conj/Ice       1%         3d3       100%        4
 Leda's Liquefaction      Hex/Erth       0%         N/A       100%        4
 Passage of Golubria      Tloc           1%         N/A       100%        4
 Borgnjor's Vile Clutch   Necr/Erth      1%         N/A       100%        5
 Fireball                 Conj/Fire      0%         3d3       100%        5
 Iskenderun's Battlesphe  Conj           1%         2d6       100%        5
 Silence                  Hex/Air        0%         N/A       100%        5
 Yara's Violent Unravell  Hex/Tmut       0%         3d3       100%        5
 Conjure Ball Lightning   Conj/Air       0%         3x3d6     100%        6
 Enfeeble                 Hex            0%         N/A       100%        7
 Haunt                    Necr/Summ      1%         N/A       100%        7
 Orb of Destruction       Conj           0%         9d5       100%        7
 Summon Hydra             Summ           0%         N/A       100%        7
 Discord                  Hex            0%         N/A       100%        8
 Infestation              Necr           1%         N/A       100%        8
 Lehudib's Crystal Spear  Conj/Erth      0%         10d2      100%        8
 Animate Dead             Necr           Unusable   N/A       N/A         4
 Death Channel            Necr           Unusable   N/A       N/A         6

Dungeon Overview and Level Annotations

Branches:
Dungeon (15/15)            Temple (1/1) D:4            Lair (6/6) D:11
  Swamp (1/4) Lair:4        Snake (0/4) Lair:3        Slime (0/5) Lair:5
    Orc (2/2) D:12            Elf (0/3) Orc:2        Vaults (0/5) D:14
 Depths (0/4) D:15          IceCv (visited)

Altars:
Ashenzari
Cheibriados
Dithmenos
Elyvilon
Fedhas
Gozag
Kikubaaqudgha
Nemelex Xobeh
Okawaru
Qazlal
Ru
Sif Muna
Trog
Uskayaw
Vehumet
Wu Jian
Yredelemnul
The Shining One
Beogh
Jiyva

Shops:
D:1 [   D:6 (   Orc:1 (   Orc:2 ([:*

Annotations:
D:5 1 runed translucent door
D:6 full of eels
D:7 2 transporters
D:8 2 transporters
Lair:5 ghost vault remainders - rCorr
Swamp:1 Louise


Innate Abilities, Weirdness & Mutations

((You are very nimble when in or above water. (Stealth+, EV+, Speed+++)))
Your lower body shifts to a powerful aquatic tail in water.


Message History

You feel the power of the Abyss delaying your translocation!
You are engulfed in seething chaos.
You feel agile all of a sudden.
The starcursed mass is no longer moving slowly.
The starcursed mass is no longer paralysed.
The starcursed mass stops moving altogether!
The apocalypse crab breathes chaos at you.
The blast of chaos engulfs you but does no damage.
You partially resist.
Your limbs are stiffening.
You are too injured to fight recklessly!
You hit the starcursed mass.
Your weapon exudes an aura of protection.
The starcursed mass is moderately damaged.
The starcursed mass shudders and is absorbed by its neighbour.
You feel stable enough to blink again.
The starcursed mass is no longer moving slowly.
A starcursed mass splits.
The apocalypse crab barely misses you. x2
You block the apocalypse crab's attack. x2
The tentacled starspawn bites you but does no damage.
The tentacled starspawn tentacle-slaps you but does no damage.
You have turned to stone.
The apocalypse crab bites you!
* * * LOW HITPOINT WARNING * * *
The apocalypse crab freezes you!
* * * LOW HITPOINT WARNING * * *
The apocalypse crab claws you but does no damage.
The tentacled starspawn barely misses you.
The tentacled starspawn tentacle-slaps you but does no damage.
You feel yourself speed up.
The starcursed mass is no longer petrified.
The apocalypse crab bites you but does no damage.
The apocalypse crab claws you!
* * * LOW HITPOINT WARNING * * *
The apocalypse crab shocks you!
* * * LOW HITPOINT WARNING * * *
The apocalypse crab bites you.
* * * LOW HITPOINT WARNING * * *
You are engulfed in flames.
You resist.
You die...
Your body rises from the dead as a mindless zombie.

###..#. .
.≈..≈..
..#.##..§##
. .≈ .≈
....#..##
⌠. .. .
#....)## ##
###...
#...#... #
.♣♣
.#...XXXX##
. ...


#XXX# .. ##.X##t###+### . #..XX@X.....# #.#.##.ty.∩..# ..#........ φ
##...#####.. . #.# # ## ..# #.. #.. You could see 10 starcursed masses, a
tentacled starspawn (can't see you), a ghost moth (wandering, invisible, can't
see you) and 2 apocalypse crabs.

Vanquished Creatures
  Saint Roka (Orc:2)
  2 acid blobs (Lair:5)
  Frances (D:12)
  An azure jelly (Lair:5)
  A stone giant (D:15)
  The ghost of Caath the Blocker, a journeyman DrFi of Okawaru (Lair:5)
  An eleionoma (Swamp:1)
  A bunyip (Swamp:1)
  Snorg (Lair:5)
  Josephine (Lair:4)
  7 hydras
  3 boulder beetles
  Erica (D:8)
  8 vault guards (D:14)
  4 centaur warriors
  A satyr (Abyss:3)
  A merfolk aquamancer (D:15)
  4 two-headed ogres
  8 death yaks
  4 tengu warriors
  Urug (Lair:1)
  An alligator (Swamp:1)
  2 orc high priests (Orc:2)
  Nergalle (Lair:1)
  7 spriggan simulacra (IceCv)
  3 deep elf pyromancers
  4 orc sorcerers
  6 orc knights
  4 ugly things (D:14)
  2 wolf spiders (Lair:6)
  2 manticores
  A will-o-the-wisp (Swamp:1)
  4 cyclopes
  3 black mambas (Lair:6)
  2 guardian serpents
  12 elephants
  2 water nymphs (D:15)
  4 centaur zombies (D:14)
  A torpor snail (Lair:6)
  An unseen horror (D:11)
  A gargoyle (D:12)
  12 cane toads
  9 komodo dragons
  2 anaconda simulacra (IceCv)
  2 rime drakes (Lair:6)
  A kobold demonologist (D:13)
  2 efreet
  6 trolls
  4 entropy weaver simulacra (IceCv)
  A tengu conjurer (D:15)
  5 ice devils (IceCv)
  The ghost of scottley the Covert, a novice SpBr (D:5)
  Grinder (D:3)
  A polar bear (Lair:3)
  A tyrant leech (Swamp:1)
  2 hornets
  9 slime creatures
  8 blink frogs
  6 dream sheep
  Sigmund (D:3)
  A spriggan (Lair:5)
  19 yaks
  5 water elementals
  11 wyverns
  A shadow (D:14)
  2 vampires
  3 wraiths
  Grum (D:8)
  3 vampire mosquitoes
  2 basilisks
  6 minotaur simulacra (IceCv)
  A swamp worm (Swamp:1)
  4 redbacks
  2 acid dragons
  6 wargs
  3 nagas (Lair:3)
  8 water moccasins
  A swamp drake (Swamp:1)
  An ice beast (D:6)
  2 sky beasts
  4 black bears
  An alligator simulacrum (IceCv)
  10 ogres
  27 orc warriors
  6 centaurs
  4 boggarts (D:14)
  9 wolves
  A phantom (D:6)
  4 kobold brigands
  3 gnoll sergeants
  A necrophage (D:7)
  8 bullfrogs
  3 scorpions
  2 deep troll simulacra (IceCv)
  7 wights
  2 lindwurm simulacra (IceCv)
  23 killer bees
  4 howler monkeys
  5 electric eels (D:13)
  3 hounds
  Crazy Yiuf (D:7)
  2 gnoll shamans (D:6)
  14 orc priests
  11 jellies
  Natasha (thrice) (D:2)
  3 iguanas
  18 orc wizards
  A hell rat (Lair:3)
  Robin (D:2)
  21 gnolls
  6 adders
  A river rat (D:11)
  2 shadow imps (D:7)
  2 white imps (D:8)
  5 ufetubi
  3 worms
  4 dart slugs
  57 orcs
  8 ball pythons
  6 bats
  21 endoplasms
  6 giant cockroaches
  17 goblins
  4 hobgoblins
  5 jackals
  A quokka (D:10)
  An endoplasm zombie (Lair:5)
  3 frilled lizards
  11 kobolds
  6 rats
  2 bushes (Lair:6)
645 creatures vanquished.

Vanquished Creatures (collateral kills)
  A catoblepas (Lair:6)
  A boulder beetle (Lair:5)
  6 hydras
  An alligator (Swamp:1)
  2 death yaks
  A skeletal warrior (D:14)
  A bog body (Swamp:1)
  A lindwurm (Lair:6)
  2 ugly things (D:14)
  A wolf spider (Lair:6)
  2 manticores
  10 elephants
  2 cyclopes (D:13)
  A will-o-the-wisp (Swamp:1)
  4 black mambas
  A centaur zombie (D:14)
  11 cane toads
  A rime drake (Lair:4)
  10 komodo dragons
  5 polar bears
  A troll (D:12)
  2 tyrant leeches (Swamp:1)
  2 hornets (Lair:6)
  5 slime creatures
  11 blink frogs
  8 dream sheep (Lair:6)
  A shadow (D:14)
  24 yaks
  2 water elementals (D:13)
  2 basilisks
  2 wraiths (Lair:4)
  9 wyverns
  A redback (Lair:6)
  A naga (Lair:3)
  3 wargs
  A swamp worm (Swamp:1)
  2 acid dragons
  An orc zombie (Lair:1)
  11 water moccasins
  6 orc warriors
  A black bear (Lair:5)
  3 wolves
  An ogre (Orc:1)
  An alligator simulacrum (IceCv)
  2 centaurs (D:13)
  2 kobold brigands
  4 bullfrogs
  A wyvern zombie (Lair:6)
  2 electric eels
  2 howler monkeys (D:9)
  A jelly (Lair:5)
  An orc priest (Orc:2)
  4 hell rats (Lair:3)
  5 orc wizards
  A gnoll (D:9)
  An ufetubus (D:4)
  10 orcs
  2 kobolds
  A bush (Lair:5)
204 creatures vanquished.

Vanquished Creatures (others)
  A wolf spider zombie (Lair:6)
  3 human zombies
  2 death yak zombies (Lair:6)
  A redback zombie (Lair:6)
  A hydra zombie (Lair:6)
  A guardian serpent zombie (Abyss:3)
  A boulder beetle zombie (Lair:5)
  A black mamba zombie (Lair:6)
  A spectral ice devil (IceCv)
  2 cane toad zombies
  An elf zombie (D:13)
  2 manticore zombies
  2 elephant zombies (Lair:6)
  7 blink frog zombies
  2 rime drake zombies (Lair:6)
  A torpor snail zombie (Lair:6)
  A vampire mosquito zombie (D:13)
  7 wyvern zombies
  A komodo dragon zombie (Lair:4)
  6 water moccasin zombies
  6 warg zombies
  A troll zombie (Orc:2)
  2 polar bear zombies
  9 yak zombies
  An electric eel (D:13)
  A howler monkey (D:12)
  3 wolf zombies
  4 bullfrog zombies
  5 centaur zombies
  A basilisk zombie (Lair:3)
  A black bear zombie (Lair:5)
  A boggart zombie (D:14)
  An orc wizard (Orc:2)
  2 killer bee zombies
  A sky beast zombie (D:6)
  An acid dragon zombie (D:13)
  An ice beast zombie (D:6)
  2 spectral electric eels
  A hell rat zombie (Lair:3)
  A howler monkey zombie (D:9)
  8 gnoll zombies
  3 jelly zombies (Lair:5)
  A spectral white imp (D:8)
  4 endoplasm zombies
  A kobold zombie (D:13)
  65 orc zombies
  2 rat zombies (D:11)
  A river rat zombie (D:11)
  4 spectral ufetubi
  A bush (Lair:6)
  4 foxfires (Swamp:1)
  81 fungi
  138 plants
  2 starspawn tentacles (Abyss:3)
  3 toadstools (D:4)
  7 withered plants (D:14)
414 creatures vanquished.

Grand Total: 1263 creatures vanquished

Notes
Turn   | Place    | Note
-------+----------+-------------------------------------------
     0 | D:1      | porpoise the Merfolk Fighter began the quest for the Orb.
     0 | D:1      | Reached XP level 1. HP: 18/18 MP: 1/1
     8 | D:1      | Found Tasir's Antique Armour Shop.
   179 | D:1      | Found a faded altar of an unknown god.
   187 | D:1      | Reached XP level 2. HP: 22/24 MP: 2/2
   723 | D:1      | Upgraded the game from 0.29-a0-620-g13ace881f2 to
                  | 0.29-a0-643-ga013cefcf8
   804 | D:1      | Reached XP level 3. HP: 25/30 MP: 3/3
  1715 | D:2      | Noticed Natasha
  1723 | D:2      | Killed Natasha
  1724 | D:2      | Reached skill level 4 in Fighting
  1724 | D:2      | Reached skill level 5 in Polearms
  1724 | D:2      | Reached XP level 4. HP: 12/37 MP: 4/4
  2320 | D:2      | Noticed Natasha
  2474 | D:2      | Killed Natasha
  2601 | D:2      | Noticed Natasha
  2606 | D:2      | Killed Natasha
  2607 | D:2      | Reached XP level 5. HP: 43/43 MP: 5/5
  2734 | D:3      | Noticed Robin
  2734 | D:3      | Noticed an ogre
  2999 | D:3      | Noticed Sigmund
  3006 | D:3      | Killed Sigmund
  3007 | D:3      | Reached skill level 5 in Fighting
  3007 | D:3      | Reached XP level 6. HP: 51/51 MP: 6/6
  3166 | D:2      | Killed Robin
  3167 | D:2      | Reached skill level 1 in Dodging
  3551 | D:3      | Noticed Grinder
  3551 | D:3      | Paralysed by Grinder for 3 turns
  3569 | D:3      | Killed Grinder
  3570 | D:3      | Reached XP level 7. HP: 38/56 MP: 7/7
  4207 | D:4      | Found a staircase to the Ecumenical Temple.
  4288 | D:1      | Bought a glowing leather armour for 95 gold pieces
  4393 | D:4      | Reached skill level 6 in Fighting
  4396 | Temple   | Entered the Ecumenical Temple
  4577 | Temple   | Became a worshipper of Yredelemnul the Dark
  4595 | D:4      | Identified the +9 war axe of Guile {protect, rPois Str+6
                  | Int-5}
  4685 | D:4      | Reached * piety under Yredelemnul
  4686 | D:4      | Reached XP level 8. HP: 39/64 MP: 8/8
  5023 | D:4      | Reached skill level 1 in Invocations
  5252 | D:4      | Reached ** piety under Yredelemnul
  5403 | D:5      | Entered Level 5 of the Dungeon
  5428 | D:5      | Found a shimmering blue altar of Sif Muna.
  5596 | D:5      | Found a runed translucent door.
  5628 | D:5      | Found a runed translucent door.
  5632 | D:5      | Noticed scottley's ghost (novice SpBr)
  5647 | D:5      | Killed scottley's ghost
  5648 | D:5      | Reached skill level 10 in Polearms
  6287 | D:6      | Reached skill level 7 in Fighting
  6391 | D:6      | Found Poituteki's Weapon Shoppe.
  6572 | D:6      | Reached XP level 9. HP: 72/72 MP: 11/11
  6879 | D:6      | Reached skill level 5 in Dodging
  7184 | D:6      | Found a hide-covered altar of Uskayaw.
  8084 | D:7      | Found an iron altar of Okawaru.
  8100 | D:7      | Reached *** piety under Yredelemnul
  8133 | D:7      | Found a transporter.
  8134 | D:7      | Found a bloodstained altar of Trog.
  8134 | D:7      | Noticed a six-headed hydra
  8134 | D:7      | Noticed a boulder beetle
  8136 | D:7      | Found a sparkling altar of Nemelex Xobeh.
  8140 | D:7      | Found a transporter.
  8468 | D:7      | Reached skill level 5 in Invocations
  8651 | D:7      | Found a runed translucent door.
  8652 | D:7      | Noticed Crazy Yiuf
  8657 | D:7      | Killed Crazy Yiuf
  8663 | D:7      | Identified the +4 mace of Daynauso {freeze, *Slow rElec
                  | rPois MP+9}
  8943 | D:8      | Noticed a great orb of eyes
  8944 | D:8      | Found a viscous altar of Jiyva.
  9043 | D:8      | Noticed Grum
  9050 | D:8      | Reached XP level 10. HP: 65/79 MP: 14/14
  9058 | D:8      | Killed Grum
  9492 | D:8      | Found a transporter.
  9497 | D:8      | Found a transporter.
  9540 | D:8      | Noticed a three-headed hydra
  9550 | D:8      | Killed a three-headed hydra
  9961 | D:8      | Noticed Erica
  9979 | D:8      | Killed Erica
 10443 | D:8      | Reached skill level 8 in Fighting
 10735 | D:9      | Found a glowing golden altar of the Shining One.
 10735 | D:9      | Found a radiant altar of Vehumet.
 10837 | D:9      | Found a stormy altar of Qazlal.
 11056 | D:9      | Found a sacrificial altar of Ru.
 11066 | D:9      | Reached XP level 11. HP: 87/87 MP: 16/16
 11241 | D:9      | Reached skill level 5 in Armour
 11243 | D:9      | Reached skill level 9 in Fighting
 11631 | D:10     | Entered Level 10 of the Dungeon
 11683 | D:10     | Reached skill level 1 in Evocations
 12156 | D:10     | Noticed a two-headed ogre
 12167 | D:10     | Killed a two-headed ogre
 12617 | D:11     | Reached skill level 10 in Fighting
 12705 | D:11     | Noticed a two-headed ogre
 12715 | D:11     | Killed a two-headed ogre
 12937 | D:11     | Noticed a death yak
 12941 | D:11     | Noticed a death yak
 12952 | D:11     | Noticed a death yak
 13269 | D:11     | Identified a scroll of acquirement
 13269 | D:11     | Acquired the ring "Naucicei" {rPois Str+3 Dex-5 Slay+4}
 13273 | D:11     | Noticed a cyclops
 13286 | D:11     | Killed a cyclops
 13335 | D:11     | Noticed a two-headed ogre
 13709 | D:11     | Killed a death yak
 13716 | D:11     | Killed a death yak
 13717 | D:11     | Killed a death yak
 13718 | D:11     | Reached skill level 5 in Evocations
 13718 | D:11     | Reached XP level 12. HP: 33/99 MP: 17/17
 13722 | D:11     | Killed a two-headed ogre
 13722 | D:11     | Reached **** piety under Yredelemnul
 13985 | D:11     | Found a staircase to the Lair.
 13988 | D:11     | Reached skill level 11 in Fighting
 14356 | Lair:1   | Entered Level 1 of the Lair of Beasts
 14425 | Lair:1   | Identified the +1 scale mail of Insatiable Hunger {+Blink
                  | rF+++ Regen+ SInv}
 14487 | Lair:1   | Noticed Nergalle
 14496 | Lair:1   | Killed Nergalle
 14496 | Lair:1   | Noticed Urug
 14516 | Lair:1   | Killed Urug
 14811 | Lair:1   | Noticed a seven-headed hydra
 14819 | Lair:1   | Killed a seven-headed hydra
 14820 | Lair:1   | Reached skill level 12 in Fighting
 14820 | Lair:1   | Reached skill level 5 in Shields
 14892 | Lair:1   | Noticed a six-headed hydra
 14896 | Lair:1   | Killed a six-headed hydra
 14897 | Lair:1   | Reached skill level 1 in Axes
 15446 | Lair:2   | Reached XP level 13. HP: 108/108 MP: 19/19
 15749 | Lair:2   | Reached ***** piety under Yredelemnul
 16547 | Lair:3   | Acquired 757 gold pieces
 16607 | Lair:3   | Found a staircase to the Snake Pit.
 16670 | Lair:3   | Reached ****** piety under Yredelemnul
 17134 | Lair:3   | You fall into a shaft and drop 1 floor!
 17335 | Lair:4   | Reached skill level 5 in Axes
 17663 | Lair:4   | Noticed Josephine
 17671 | Lair:4   | Killed Josephine
 17672 | Lair:4   | Reached skill level 10 in Invocations
 17814 | Lair:4   | Found a staircase to the Swamp.
 18171 | Lair:4   | Reached XP level 14. HP: 53/115 MP: 16/21
 18332 | Lair:4   | Reached skill level 10 in Dodging
 18639 | Lair:5   | Found a staircase to the Slime Pits.
 18720 | Lair:5   | Noticed Snorg
 18731 | Lair:5   | Killed Snorg
 18926 | Lair:5   | Found a runed translucent gate.
 18927 | Lair:5   | Found a runed translucent gate.
 18927 | Lair:5   | Noticed an acid blob
 18928 | Lair:5   | Found a runed translucent gate.
 18928 | Lair:5   | Noticed Caath's ghost (journeyman DrFi)
 18928 | Lair:5   | Noticed a rockslime
 18929 | Lair:5   | Noticed an acid blob
 18930 | Lair:5   | Noticed an acid blob
 18946 | Lair:5   | Found a viscous altar of Jiyva.
 18946 | Lair:5   | Noticed an azure jelly
 19495 | Lair:5   | Killed an azure jelly
 19550 | Lair:5   | Killed an acid blob
 19848 | D:12     | Noticed Nessos
 19849 | D:12     | Noticed Nessos
 19849 | D:12     | Nessos changed into Nessos the redback
 19893 | D:11     | Killed Nessos the redback
 19954 | D:12     | Found a staircase to the Orcish Mines.
 20110 | D:12     | Noticed Frances
 20220 | D:12     | Killed Frances
 20367 | D:12     | Your ally Frances died
 20892 | D:12     | Upgraded the game from 0.29-a0-643-ga013cefcf8 to
                  | 0.29-a0-653-gd47aff6735
 21368 | D:13     | Reached skill level 1 in Spellcasting
 22042 | D:14     | Found a broken altar of Ashenzari.
 22092 | D:14     | Found a frozen archway.
 22110 | IceCv    | Entered an ice cave
 22157 | IceCv    | Reached XP level 15. HP: 90/120 MP: 24/24
 22883 | IceCv    | Learned a level 4 spell: Olgreb's Toxic Radiance
 24195 | D:14     | Found a gate to the Vaults.
 24207 | D:14     | Reached skill level 5 in Spellcasting
 24209 | D:14     | Reached skill level 1 in Poison Magic
 24474 | D:14     | Found an ornate altar of the Wu Jian Council.
 25399 | D:15     | Entered Level 15 of the Dungeon
 25872 | D:15     | Found a staircase to the Depths.
 26653 | Lair:1   | Upgraded the game from 0.29-a0-653-gd47aff6735 to
                  | 0.29-a0-664-gff9cad4a3d
 26713 | Orc:1    | Entered Level 1 of the Orcish Mines
 26882 | Orc:1    | Found Kiuq's Weapon Shop.
 27062 | Orc:1    | Reached skill level 5 in Poison Magic
 27336 | Orc:2    | Entered Level 2 of the Orcish Mines
 27544 | Orc:1    | Paralysed by an orc sorcerer for 5 turns
 27605 | Orc:2    | Reached XP level 16. HP: 127/127 MP: 25/25
 27720 | Orc:2    | Found a staircase to the Elven Halls.
 27765 | Orc:2    | Noticed Saint Roka
 28194 | Orc:2    | Found Halaenij's General Store.
 28909 | Orc:2    | Upgraded the game from 0.29-a0-664-gff9cad4a3d to
                  | 0.29-a0-668-g12ee2bf84d
 29209 | Lair:5   | Killed an acid blob
 29210 | Lair:5   | Reached skill level 13 in Fighting
 29264 | Lair:5   | Killed Caath's ghost
 29365 | Lair:6   | Entered Level 6 of the Lair of Beasts
 29671 | Lair:6   | Found an ancient bone altar of Kikubaaqudgha.
 30364 | Lair:6   | Reached skill level 14 in Fighting
 30380 | Lair:6   | Learned a level 3 spell: Vampiric Draining
 30817 | Lair:6   | Identified the +4 dire flail of the Realm of Zot {speed,
                  | rElec rF- Will+ MP+9}
 31150 | Lair:6   | Reached XP level 17. HP: 140/140 MP: 26/26
 31508 | Lair:1   | Acquired a +1 demon trident of venom
 31558 | Lair:1   | Upgraded the game from 0.29-a0-668-g12ee2bf84d to
                  | 0.29-a0-676-ga64570c9d2
 31686 | Orc:2    | Killed Saint Roka
 31784 | Orc:2    | Bought a potion of might for 64 gold pieces
 31784 | Orc:2    | Bought a scroll of enchant weapon for 120 gold pieces
 31824 | Orc:2    | Found Camaar's Antique Weapon Shoppe.
 31854 | Orc:2    | Found Ceilih's Antique Armour Shoppe.
 31868 | Orc:2    | Found Ubidehuw's Book Shoppe.
 31908 | Orc:2    | Bought a book of Blood for 448 gold pieces
 31911 | Orc:2    | Learned a level 2 spell: Wereblood
 31927 | Orc:2    | Bought a fine hand crossbow for 221 gold pieces
 31927 | Orc:2    | Identified the +12 hand crossbow "Gaehacu" {speed, Fragile
                  | rN+ Will+ Int+7 Dex-4} (You bought it in a shop on level 2
                  | of the Orcish Mines)
 31943 | Orc:2    | Bought a pair of embroidered boots for 187 gold pieces
 31943 | Orc:2    | Bought a shiny ring mail for 175 gold pieces
 32157 | Swamp:1  | Entered Level 1 of the Swamp
 32171 | Swamp:1  | Reached skill level 1 in Necromancy
 32982 | Swamp:1  | Noticed Louise
 32987 | Swamp:1  | Reached skill level 15 in Fighting
 32989 | Swamp:1  | Cast into level 3 of the Abyss (Louise)
 33023 | Abyss:3  | Paralysed by accursed screaming for 1 turns
 33031 | Abyss:3  | Noticed a tentacled starspawn
 33031 | Abyss:3  | Paralysed by accursed screaming for 2 turns
 33036 | Abyss:3  | HP: 4/142 [apocalypse crab (5)]
 33036 | Abyss:3  | HP: 1/142 [apocalypse crab (3)]
 33036 | Abyss:3  | Slain by an apocalypse crab

Illustrated notes

Levels and vault maps discovered:
D:1:      lightli_arrival_flooded_house, layout_loops_corners, serial_shops,
          nicolae_diamond_shop, nicolae_ecumenical_snake_handling
D:2:      layout_loops_ring, uniq_natasha
D:3:      layout_rooms, uniq_sigmund, uniq_robin, uniq_grinder
D:4:      layout_cave_pools, minmay_temple_entry_stoned_glass,
          chequers_arboretum, minmay_gold_behind_fungi, kennysheep_potato
D:5:      layout_loops_ring, mainiacjoe_overflow_alcove_2, ebering_ghost_sewer_f
D:6:      layout_loops_corners, lemuel_doored_altar, serial_shops,
          nicolae_inconvenience_store, minmay_misc_feat_x, chequers_big_river
D:7:      layout_loops_ring, gammafunk_temple_overflow_arena, okawaru_trees_2,
          uniq_crazy_yiuf_cottage
D:8:      gammafunk_jiyva_shrine, layout_loops_ring, hangedman_ranch,
          uniq_erica, uniq_grum
D:9:      layout_basic, general_overflow_altar, gammafunk_temple_overflow_wave,
          mainiacjoe_overflow_tiny_flanked
D:10:     layout_basic
D:11:     layout_cave_pools, dpeg_lair_monsters
D:12:     layout_cross, orc_0_dummy, blue_anna_alchemist, uniq_frances,
          uniq_nessos
D:13:     layout_basic, st_stairs_3
D:14:     layout_loops_ring, erik_vaults_2, serial_undead, serial_undead_f,
          serial_undead_f, serial_undead_b, serial_undead_f, serial_undead_d,
          nicolae_wu_jian_wuxing_cycle, portal_ice_cave_entry_pillars_three,
          cheibrodos_ashenzari_chains
D:15:     grunt_enter_depths_snipers, layout_basic, chequers_avenue,
          nicolae_splish_splash
Temple:   nicolae_temple_figure_eight
Lair:1:   layout_big_grid, beast_lair_carwin_11, uniq_urug, uniq_nergalle
Lair:2:   layout_small_grid, chequers_serial_rivers_small_a, grunt_megastairs_3
Lair:3:   layout_chaotic_city, minmay_snake_entry_guardpost_small,
          minmay_stone_trees_medium, chequers_serial_rivers_micro_a
Lair:4:   nzn_winding_woodlands_small
          [nzn_winding_woodlands_5x15_pathside_ponds,
          nzn_winding_woodlands_center_pierced_h,
          nzn_winding_woodlands_5x15_garden], layout_layer_cave, swamp_mist,
          uniq_josephine
Lair:5:   lemuel_slime, layout_big_grid, minmay_slime_entry_pillars,
          gammafunk_ghost_ooze, grunt_forest_stairs_clearing,
          grunt_megastairs_4, uniq_snorg
Lair:6:   hangedman_lair_tendril_chambers, layout_hall_layers,
          hangedman_lair_in_review, basic_altar, nicolae_lair_grazing_beasts
          [nicolae_sub_lair_graze_edge, nicolae_sub_lair_graze_edge,
          nicolae_sub_lair_graze_edge, nicolae_sub_lair_graze_edge]
Swamp:1:  layout_falls_marsh, nicolae_swamp_triple_paths,
          nicolae_swamp_round_clearing, swamp_pool1,
          infiniplex_staircase_pool_2, uniq_louise
Orc:1:    layout_diamond_mine, serial_shops, nicolae_shop_crystal, basic_altar
Orc:2:    grunt_orc_cross, layout_caves, nooodl_orcs_dogs
Abyss:3:  base: D:14, nicolae_abyss_rune_left_handed

Skill      XL: |  1  2  3  4  5  6  7  8  9 10 11 12 13 14 15 16 17 |
---------------+----------------------------------------------------+-----
Polearms       | 3 5 7 8 9 11 13 14 | 14.1
Fighting       | 4 5 6 7 8 10 12 14 15 | 15.0
Dodging        | 2 3 4 6 7 9 12 | 12.6
Invocations    | 3 5 7 9 10 12 | 12.0
Armour         | 4 6 7 9 |  9.0
Evocations     | 5 7 9 |  9.0
Shields        | 6 7 9 |  9.0
Axes           | 2 5 8 |  8.0
Spellcasting   | 3 5 |  5.0
Poison Magic   | 5 9 |  9.0
Necromancy     | 2 |  2.2

Action                   |  1- 3 |  4- 6 |  7- 9 | 10-12 | 13-15 | 16-18 || total
-------------------------+-------+-------+-------+-------+-------+-------++-------
Melee: Trident           |   137 |   125 |    45 |    34 |   253 |    97 ||   691
       Unarmed           |       |     5 |       |       |       |       ||     5
       War axe           |       |       |   205 |   304 |   637 |   285 ||  1431
       Mace              |       |       |       |     9 |       |       ||     9
       Tailslap          |       |       |       |       |     2 |     1 ||     3
       Demon trident     |       |       |       |       |       |   102 ||   102
 Fire: Hunting sling     |       |     7 |    38 |    19 |    45 |    34 ||   143
Throw: Dart              |       |     7 |       |     7 |       |       ||    14
Invok: Recall Undead Har |       |       |       |     2 |       |     2 ||     4
       Dark Bargain      |       |       |       |     6 |     5 |       ||    11
       Drain Life        |       |       |       |     1 |       |       ||     1
       Bind Soul         |       |       |       |       |       |     3 ||     3
 Abil: Evoke Blink       |       |       |       |       |     1 |     2 ||     3
Evoke: Lightning rod     |       |       |       |     3 |    17 |     4 ||    24
       Wand              |       |       |       |     4 |     9 |    10 ||    23
       Tin of tremorston |       |       |       |     2 |     2 |       ||     4
  Use: Scroll            |       |     5 |     3 |    18 |    12 |     6 ||    44
       Potion            |       |     2 |       |     6 |     5 |     5 ||    18
 Stab: Confused          |       |     1 |       |       |       |       ||     1
       Distracted        |       |       |       |     2 |     5 |     5 ||    12
       Petrified         |       |       |       |       |       |    12 ||    12
Armor: Scale mail        |    13 |       |    72 |   181 |   258 |   141 ||   665
       Ring mail         |    23 |    48 |     4 |       |       |       ||    75
       Leather armour    |       |       |    28 |       |       |       ||    28
       Crystal plate arm |       |       |       |       |   124 |       ||   124
Dodge: Dodged            |    36 |    57 |   157 |   267 |   409 |   245 ||  1171
       Repelled          |       |       |     1 |     1 |     9 |     6 ||    17
Block: Buckler           |    25 |    20 |    66 |   108 |   242 |   122 ||   583

Table legend: (Time is in decaauts)
 A = Elapsed time spent in this place.
 B = Non-inter-level travel time spent in this place.
 C = Inter-level travel time spent in this place.
 D = Time resting spent in this place.
 E = Time spent auto-exploring this place.
 F = Levels seen in this place.
 G = Mean time per level.
                   A        B        C        D        E       F      G
               +--------+--------+--------+--------+--------+-----+--------+
         Total |  32863 |  31017 |   1846 |  11655 |  11761 |  27 | 1217.1 |
       Dungeon |  19350 |  18355 |    995 |   7591 |   7059 |  15 | 1290.0 |
        Temple |    190 |    180 |     10 |     29 |    136 |   1 |  190.0 |
          Lair |   8009 |   7413 |    596 |   1726 |   3788 |   6 | 1334.8 |
         Swamp |    758 |    758 |      0 |    391 |    265 |   1 |  758.0 |
  Orcish Mines |   2754 |   2511 |    243 |    758 |    488 |   2 | 1377.0 |
         Abyss |     40 |     40 |      0 |      0 |      0 |   1 |   40.0 |
      Ice Cave |   1760 |   1760 |      0 |   1158 |     24 |   1 | 1760.0 |
               +--------+--------+--------+--------+--------+-----+--------+

Top non-repeatable levels by time:
  Lair:6: 1936 daAuts
     D:8: 1766 daAuts
     D:6: 1764 daAuts
   IceCv: 1760 daAuts
     D:2: 1740 daAuts
   Orc:2: 1653 daAuts
    D:14: 1606 daAuts
    D:10: 1531 daAuts
    D:11: 1494 daAuts
  Lair:4: 1469 daAuts
     D:1: 1412 daAuts
  Lair:5: 1396 daAuts
  Lair:1: 1279 daAuts
    D:15: 1125 daAuts
     D:9: 1109 daAuts
